 Dungeon Crawl Stone Soup version 0.23.2 (webtiles) character file.

Game seed: 9631420623711588638

42 Kairos the Charmwright (level 3, -1/27 HPs)
             Began as a Merfolk Skald on Apr 2, 2019.
             Was an Initiate of Okawaru.
             Slain by a gnoll
             ... wielding a +0 spear
              (11 damage)
             ... on level 2 of the Dungeon.
             The game lasted 00:01:46 (1409 turns).

Kairos the Charmwright (Merfolk Skald)              Turns: 1409, Time: 00:01:47

Health: -1/27      AC:  4    Str: 12    XL:     3   Next: 54%
Magic:  0/6        EV: 12    Int: 12    God:    Okawaru [......]
Gold:   50         SH:  0    Dex: 13    Spells: 5/6 levels left

rFire    . . .     SeeInvis .   a - +0 spear
rCold    . . .     Gourm    .   (no shield)
rNeg     . . .     Faith    .   b - +0 leather armour
rPois    .         Spirit   .   (no helmet)
rElec    .         Reflect  .   (no cloak)
rCorr    .         Harm     .   (no gloves)
MR       .....                  c - +0 pair of boots
Stlth    +.........             (no amulet)
HPRegen  0.09/turn              (no ring)
MPRegen  0.10/turn              (no ring)

@: infused (expiring)
A: change form in water, swift swim, stealthy swim
a: Renounce Religion


You were on level 2 of the Dungeon.
You worshipped Okawaru.
Okawaru was noncommittal.
You were not hungry.

You visited 1 branch of the dungeon, and saw 2 of its levels.

You collected 50 gold pieces.

Inventory:

Hand Weapons
 a - a +0 spear (weapon)
Armour
 b - a +0 leather armour (worn)
 c - a +0 pair of boots (worn)
Scrolls
 e - 2 scrolls of remove curse {unknown}
 g - a scroll of amnesia {unknown}
 i - 2 scrolls of teleportation {unknown}
 j - a scroll of magic mapping {unknown}
 k - a scroll of fear {unknown}
Potions
 f - a potion of lignification {unknown}
 h - 2 potions of mutation {unknown}
 l - a potion of magic {unknown}
Comestibles
 d - a ration


   Skills:
 + Level 2.2 Fighting
 + Level 3.6 Polearms
 + Level 1.3 Armour
 + Level 2.8 Dodging
 + Level 0.4 Stealth
 + Level 2.1 Spellcasting
 + Level 3.8 Charms


You had 5 spell levels left.
You knew the following spells:

 Your Spells              Type           Power        Failure   Level  Hunger
a - Infusion              Chrm           ##..         7%          1    ##.....

Your spell library contained the following spells:

 Spells                   Type           Power        Failure   Level  Hunger
 Song of Slaying          Chrm           ##......     11%         2    ###....
 Shroud of Golubria       Chrm/Tloc      #.........   24%         2    ###....
 Regeneration             Chrm/Necr      #.........   43%         3    ####...
 Spectral Weapon          Hex/Chrm       #.......     43%         3    ####...


Dungeon Overview and Level Annotations

Branches:
Dungeon (2/15)

Altars:
Okawaru


Message History

Your magical contamination has completely faded away.
You hit the gnoll.
The gnoll is heavily wounded.
The gnoll closely misses you.
You hit the gnoll.
The gnoll is severely wounded.
The gnoll hits you but does no damage.
You hit the gnoll but do no damage.
The gnoll is severely wounded.
The gnoll misses you.
You hit the gnoll but do no damage.
The gnoll is severely wounded.
The gnoll hits you but does no damage.
You hit the gnoll but do no damage.
The gnoll is severely wounded.
The gnoll misses you.
You hit the gnoll.
The gnoll is almost dead.
The gnoll hits you with a +0 spear!
You die...

# ####### # #.....#
#####.....########
†...........g....#
..........######g#
#####.....###
#@######### #
#..###...# #<........#
#..###.#.############.#
####......(.....# #.#
.....######.###.### #.#
####.# #>........ #.#
#.# #.#....###. #.# #.#
#...#### #. #.#
#.#####...### #.####.#


You could see a gnoll.

Vanquished Creatures
  2 gnolls (D:2)
  A dart slug (D:1)
  3 leopard geckos
  2 goblins
  2 hobgoblins
  5 bats
  A frilled lizard (D:1)
  3 kobolds
  A rat (D:1)
20 creatures vanquished.

Notes
Turn   | Place    | Note
-------+----------+-------------------------------------------
     0 | D:1      | Kairos the Merfolk Skald began the quest for the Orb.
     0 | D:1      | Reached XP level 1. HP: 16/16 MP: 3/3
   177 | D:1      | Found an iron altar of Okawaru.
   196 | D:1      | Reached XP level 2. HP: 16/22 MP: 5/5
   291 | D:1      | Became a worshipper of Warmaster Okawaru
   424 | D:1      | You fall through a shaft!
   700 | D:2      | Reached skill level 1 in Armour
   854 | D:2      | Found a faded altar of an unknown god.
   865 | D:2      | Reached XP level 3. HP: 19/27 MP: 4/6
  1409 | D:2      | Slain by a gnoll

Skill      XL: |  1  2 |
---------------+-------+-----
Armour         | 1 |  1.3
Fighting       | |  2.2
Polearms       | |  3.6
Dodging        | |  2.8
Stealth        | |  0.4
Spellcasting   | |  2.1
Charms         | |  3.8

Action                   || total
-------------------------++-------
Melee: Spear             ||    90
 Cast: Infusion          ||     4
  Eat: Ration            ||     1
Armor: Leather armour    ||    25
Dodge: Dodged            ||    51
